 Dungeon Crawl Stone Soup version 0.31.0-32-g396128a36d (webtiles) character file.

Game seed: 7568269442119135307

5418 cyclaam the Firebug (level 10, -6/77 HPs)
             Began as a Green Draconian Fire Elementalist on Mar 8, 2024.
             Was a Believer of Sif Muna.
             Mangled by fedepesso's ghost (24 damage)
             ... on level 8 of the Dungeon on Apr 10, 2024.
             The game lasted 01:28:04 (12047 turns).

cyclaam the Firebug (DrFE)                         Turns: 12047, Time: 01:28:05

Health: -6/77      AC: 11    Str: 10    XL:     10   Next: 40%
Magic:  13/19      EV: 13    Int: 20    God:    Sif Muna [**....]
Gold:   581        SH:  0    Dex: 12    Spells: 3/21 levels left

rFire   . . .        d - staff of alchemy
rCold   . . .        (no shield)
rNeg    . . .        (body armour unavailable)
rPois   +            q - +1 hat
rElec   .            (no cloak)
rCorr   .            i - +2 pair of gloves
SInv    .            (no boots)
Will    .....        (no amulet)
Stlth   +++          o - ring of flight
HPRegen 0.32/turn    (no ring)
MPRegen 0.16/turn

%: no passive effects
@: about to teleport, flying
A: breathe noxious fumes, AC +7, unfitting armour, poison resistance,
cold-blooded
a: Breathe Noxious Fumes, Renounce Religion, Channel Magic


You were on level 8 of the Dungeon.
You worshipped Sif Muna.
Sif Muna was pleased with you.
You visited 2 branches of the dungeon, and saw 9 of its levels.
You also visited: Sewer.

You collected 581 gold pieces.

Inventory:

Hand Weapons
 a - a +2 whip of draining
 b - a +0 short sword of protection
 e - the +5 short sword of Mana {vamp, rC+ Dex+4}
   (You found it on level 8 of the Dungeon)

   Dex+4:     It affects your dexterity (+4).
   rC+:       It protects you from cold.
 n - a +0 whip of venom
 p - a +2 whip of distortion
 s - a +1 whip of venom
 z - a +2 spear of freezing
 B - a +1 dagger of venom
 J - a +2 whip of electrocution
Missiles
 l - 6 boomerangs
 u - 7 curare-tipped darts
 x - 46 poisoned darts
Armour
 i - a +2 pair of gloves (worn)
 q - a +1 hat (worn)
 C - a +0 kite shield
Magical Staves
 d - a staff of alchemy (weapon)
 A - a staff of alchemy
Jewellery
 o - a ring of flight (left hand)
Wands
 t - a wand of flame (20)
 H - a wand of roots (1)
 I - a wand of paralysis (4)
Scrolls
 c - a scroll of enchant armour {unknown}
 h - a scroll of teleportation
 m - 3 scrolls of identify
 y - a scroll of revelation
 D - a scroll of silence {unknown}
 E - 2 scrolls of fog
 F - a scroll of poison
 G - a scroll of amnesia
Potions
 f - a potion of attraction
 g - a potion of resistance
 j - a potion of enlightenment
 k - a potion of mutation {unknown}
 r - a potion of lignification
 v - 2 potions of might
 w - 2 potions of curing


   Skills:
 + Level 3.4 Fighting
 + Level 3.1 Staves
 + Level 5.4 Dodging
 + Level 5.9 Stealth
 + Level 6.3 Spellcasting
 - Level 6.0 Conjurations
 + Level 7.2 Fire Magic
 * Level 6.6 Alchemy


You had 3 spell levels left.
You knew the following spells:

 Your Spells              Type           Power      Damage    Failure   Level
a - Foxfire               Conj/Fire      100%       2x1d9     1%          1
b - Scorch                Fire           70%        2d7       1%          2
c - Flame Wave            Conj/Fire      32%        2d9       7%          4
d - Sting                 Conj/Alch      100%       1d9       1%          1
e - Mercury Vapours       Alch/Air       58%        N/A       4%          2
f - Olgreb's Toxic Radia  Alch           49%        N/A       7%          4
g - Ignite Poison         Fire/Alch      50%        N/A       6%          4

Your spell library contained the following spells:

 Spells                   Type           Power      Damage    Failure   Level
 Cigotuvi's Dreadful Rot  Necr/Alch/Air  44%        N/A       6%          2
 Inner Flame              Hex/Fire       20%        N/A       7%          3
 Volatile Blastmotes      Fire/Tloc      40%        2d13      7%          3
 Hailstorm                Conj/Ice       18%        3d7       9%          3
 Freeze                   Ice            24%        1d4       10%         1
 Frozen Ramparts          Ice            12%        1d2       30%         3
 Sticky Flame             Fire/Alch      50%        2d9       6%          4
 Freezing Cloud           Conj/Ice/Air   7%         6-21      77%         5
 Ignition                 Fire           17%        3d7       100%        8


Dungeon Overview and Level Annotations

Branches:
Dungeon (8/15)             Temple (1/1) D:5            Lair (0/5) D:8
  Sewer (visited)

Altars:
Ashenzari
Cheibriados
Dithmenos
Elyvilon
Fedhas
Gozag
Hepliaklqana
Kikubaaqudgha
Makhleb
Nemelex Xobeh
Okawaru
Qazlal
Ru
Sif Muna
Trog
Uskayaw
Vehumet
Xom
Yredelemnul
Zin
The Shining One

Annotations:
D:5 Edmund
D:8 fedepesso's ghost, novice TrSh
Temple 2 transporters


Innate Abilities, Weirdness & Mutations

You can breathe blasts of noxious fumes.
Your lurid green scales are hard. (AC +7)
You cannot fit into any form of body armour.
Your system is resistant to poisons. (rPois)
You are cold-blooded and may be slowed by cold attacks.


Message History

Fedepesso's ghost misses you.
You conjure some foxfire!
The foxfire hits fedepesso's ghost.
Fedepesso's ghost is lightly damaged.
The foxfire hits fedepesso's ghost but does no damage.
Fedepesso's ghost is lightly damaged.
Fedepesso's ghost says, "A storm is coming..."
Fedepesso's ghost barely misses you.
You conjure some foxfire!
The foxfire hits fedepesso's ghost.
Fedepesso's ghost is lightly damaged.
The foxfire hits fedepesso's ghost!
Fedepesso's ghost is moderately damaged.
Fedepesso's ghost hits you!
You conjure some foxfire!
The foxfire hits fedepesso's ghost.
Fedepesso's ghost is moderately damaged.
The foxfire hits fedepesso's ghost but does no damage.
Fedepesso's ghost is moderately damaged.
Fedepesso's ghost hits you!!
Casting: Foxfire (safe; 1% risk of failure)
Confirm with . or Enter, or press ? or * to list all spells.
Okay, then.
Aiming: Paralyse
Press: ? - help, Shift-Dir - straight line, f - fedepesso's ghost
Aim: fedepesso's ghost (moderately damaged, ally target, chance to affect: 14%) Fedepesso's ghost resists with almost no effort.
The foxfire hits fedepesso's ghost but does no damage.
Fedepesso's ghost is moderately damaged.
The foxfire hits fedepesso's ghost but does no damage.
Fedepesso's ghost is moderately damaged.
Fedepesso's ghost hits you!
Aiming: Paralyse
Press: ? - help, Shift-Dir - straight line, f/p - fedepesso's ghost
Aim: fedepesso's ghost (moderately damaged, chance to affect: 14%) Fedepesso's ghost resists with almost no effort.
Fedepesso's ghost hits you!
* * * LOW HITPOINT WARNING * * *
As you read the scroll of teleportation, it crumbles to dust.
You feel strangely unstable. Fedepesso's ghost barely misses you.
As you read the scroll of fog, it dissolves into smoke.
Fedepesso's ghost hits you!!
You die...

.## #.# #.#
#. ## #.#
#.# #.. #..
#.# .#. #.#
#. # #.# ##
###.#.## #
#......##
#.###§§§##
#§W@§#
#§§§##
....§..
..).......
#######....
######


You could see fedepesso's ghost.

Vanquished Creatures
  Grinder (D:3)
  Prince Ribbit (D:7)
  Sigmund (D:2)
  A steam dragon (D:6)
  A warg (D:7)
  An acid dragon (D:8)
  Duvessa (D:5)
  3 water moccasins
  An orc warrior (D:6)
  5 sky beasts (D:7)
  2 crocodiles (Sewer)
  An ice beast (D:7)
  An ogre (D:6)
  A wolf (D:8)
  5 centaurs
  A phantom (D:4)
  12 kobold brigands
  A gnoll sergeant (D:6)
  2 scorpions (D:6)
  A wight (D:7)
  Dowan (D:5)
  5 killer bees (D:8)
  2 howler monkeys
  2 bombardier beetles
  2 jellies
  7 orc priests
  3 hounds
  Jessica (D:2)
  Ijyb (D:5)
  Natasha (thrice) (D:2)
  4 iguanas
  9 orc wizards
  3 gnolls (D:6)
  5 river rats
  8 adders
  3 white imps
  2 ufetubi (D:7)
  A ribbon worm (D:2)
  3 dart slugs
  38 orcs
  4 endoplasms
  3 giant cockroaches (D:4)
  4 goblins
  11 hobgoblins
  12 jackals
  10 kobolds
  2 quokkas (D:2)
  12 ball pythons
  5 bats
  7 frilled lizards
  9 rats
225 creatures vanquished.

Vanquished Creatures (collateral kills)
  12 foxfires
12 creatures vanquished.

Vanquished Creatures (others)
  937 foxfires
937 creatures vanquished.

Grand Total: 1174 creatures vanquished

Notes
Turn   | Place    | Note
-------+----------+-------------------------------------------
     0 | D:1      | cyclaam the Draconian Fire Elementalist began the quest for
                  | the Orb.
     0 | D:1      | Reached XP level 1. HP: 14/14 MP: 3/3
   203 | D:1      | Reached XP level 2. HP: 20/20 MP: 1/5
   207 | D:1      | Learned a level 2 spell: Scorch
  1478 | D:2      | Reached XP level 3. HP: 26/26 MP: 3/6
  1760 | D:2      | Noticed Natasha
  1767 | D:2      | Killed Natasha
  1889 | D:2      | Noticed Sigmund
  1973 | D:2      | Noticed Jessica
  1977 | D:2      | Killed Jessica
  1978 | D:2      | Reached XP level 4. HP: 33/33 MP: 3/8
  2085 | D:2      | Killed Sigmund
  2086 | D:2      | Reached skill level 4 in Fire Magic
  2086 | D:2      | Reached XP level 5. HP: 34/38 MP: 2/10
  2183 | D:2      | Noticed Natasha
  2189 | D:2      | Killed Natasha
  2190 | D:2      | Reached XP level 6. HP: 45/45 MP: 6/11
  2337 | D:2      | Noticed Natasha
  2340 | D:2      | Killed Natasha
  2781 | D:3      | Noticed Grinder
  2801 | D:3      | Found a faded altar of an unknown god.
  3130 | D:3      | Paralysed by Grinder for 5 turns
  3142 | D:3      | Killed Grinder
  3143 | D:3      | Your scales start taking on a lurid green colour.
  3143 | D:3      | Reached XP level 7. HP: 50/50 MP: 4/13
  3143 | D:3      | Gained mutation: Your system is resistant to poisons.
                  | (rPois) [Green Draconian growth]
  3518 | D:4      | Reached skill level 5 in Fire Magic
  3724 | D:4      | Found a hazy altar of Hepliaklqana.
  3740 | D:4      | Found a burning altar of Makhleb.
  3742 | D:4      | Found a sacrificial altar of Ru.
  4183 | D:4      | Found a glowing drain.
  4200 | Sewer    | Entered a sewer
  4822 | Sewer    | Reached XP level 8. HP: 57/57 MP: 8/15
  4872 | Sewer    | Learned a level 4 spell: Flame Wave
  5642 | D:4      | Learned a level 1 spell: Sting
  5756 | D:5      | Entered Level 5 of the Dungeon
  5758 | D:5      | Noticed Ijyb
  5760 | D:5      | Noticed Edmund
  5767 | D:5      | Killed Ijyb
  6133 | D:5      | Reached skill level 1 in Alchemy
  6210 | D:5      | Noticed Duvessa
  6232 | D:5      | Reached skill level 5 in Spellcasting
  6232 | D:5      | Reached skill level 5 in Conjurations
  6364 | D:5      | Reached skill level 6 in Fire Magic
  6511 | D:5      | Found a white marble altar of Elyvilon.
  6566 | D:5      | Noticed Dowan
  6576 | D:5      | Killed Dowan
  6663 | D:5      | Killed Duvessa
  6762 | D:5      | Found an iron altar of Okawaru.
  6927 | D:5      | Found a glowing golden altar of the Shining One.
  6984 | D:5      | Found a staircase to the Ecumenical Temple.
  7045 | Temple   | Found a transporter.
  7045 | Temple   | Found a transporter.
  7045 | Temple   | Found a transporter.
  7045 | Temple   | Found a transporter.
  7045 | Temple   | Entered the Ecumenical Temple
  7063 | Temple   | Became a worshipper of Sif Muna the Loreminder
  7395 | D:5      | Reached XP level 9. HP: 55/62 MP: 6/17
  7830 | D:6      | Learned a level 2 spell: Mercury Vapours
  8699 | D:6      | Learned a level 4 spell: Olgreb's Toxic Radiance
  8704 | D:6      | Learned a level 4 spell: Ignite Poison
  8992 | D:7      | Reached skill level 1 in Fighting
  8992 | D:7      | Reached skill level 1 in Staves
  9052 | D:7      | Reached skill level 5 in Stealth
  9263 | D:7      | Found a broken altar of Ashenzari.
  9399 | D:7      | Noticed Prince Ribbit
  9407 | D:7      | Killed Prince Ribbit
  9556 | D:7      | Reached skill level 5 in Alchemy
 10011 | D:7      | Reached skill level 5 in Dodging
 10230 | D:7      | Reached * piety under Sif Muna
 10231 | D:7      | Reached XP level 10. HP: 26/74 MP: 12/19
 10442 | D:8      | Reached skill level 7 in Fire Magic
 10605 | D:8      | Found a staircase to the Lair.
 10719 | D:8      | Identified the +5 short sword of Mana {vamp, rC+ Dex+4}
 11257 | D:8      | Found a runed translucent gate.
 11257 | D:8      | Found a runed translucent gate.
 11268 | D:8      | Found a runed translucent gate.
 11268 | D:8      | Noticed fedepesso's ghost (novice TrSh)
 11669 | D:8      | Reached ** piety under Sif Muna
 11750 | D:8      | Paralysed by a kobold brigand for 4 turns
 12047 | D:8      | Mangled by fedepesso's ghost

Illustrated notes

Levels and vault maps discovered:
D:1:      lightli_arrival_statue_moat, layout_basic, kennysheep_another_room
D:2:      layout_rooms, hex_tiny, serial_bayou_pond_e, grunt_decor_arrowhead,
          uniq_sigmund, uniq_jessica, uniq_natasha
D:3:      minmay_inner_zag, layout_basic, basic_ecumenical_altar, uniq_grinder
D:4:      layout_basic, gammafunk_temple_overflow_forgotten,
          portal_sewer_entry_b, grunt_ministairs_6, nicolae_tricolors
D:5:      layout_basic, okawaru_metal_pillars_1_2,
          nicolae_tso_swordbearing_angel, minmay_temple_entry_hall,
          serial_corexii_hall, chequers_hall_statues_corner_a,
          chequers_hall_statues_wall_a, minmay_ruined_shrine, uniq_ijyb,
          uniq_duvessa, uniq_edmund
D:6:      layout_basic, serial_rivers, chequers_serial_rivers_micro_c,
          chequers_serial_rivers_micro_e, chequers_serial_rivers_small_a,
          chequers_serial_rivers_large_a, chequers_serial_rivers_large_b
D:7:      layout_loops_corners, ashenzari_conservatory_becter, st_stairs_6,
          uniq_prince_ribbit1
D:8:      layout_loops_ring, erik_lair_orcish_takeover,
          gammafunk_ghost_nasty_kobolds
Temple:   hellmonk_temple_divided_pantheon

Skill      XL: |  1  2  3  4  5  6  7  8  9 10 |
---------------+-------------------------------+-----
Conjurations   | 2 3 4 5 6 |  6.0
Spellcasting   | 3 4 5 6 |  6.3
Fire Magic     | 4 5 6 7 |  7.2
Dodging        | 2 3 4 5 |  5.4
Stealth        | 2 3 4 5 |  5.9
Alchemy        | 2 5 6 |  6.6
Fighting       | 2 3 |  3.4
Staves         | 2 3 |  3.1

Action                     |  1- 3 |  4- 6 |  7- 9 | 10-12 || total
---------------------------+-------+-------+-------+-------++-------
  Melee: Short sword       |     5 |       |       |       ||     5
         Unarmed           |     4 |       |       |       ||     4
         Tailslap          |     2 |       |    10 |       ||    12
         Staff             |    11 |       |    42 |       ||    53
         Punch             |       |       |     1 |       ||     1
   Cast: Foxfire           |    63 |    44 |   308 |   153 ||   568
         Scorch            |       |     5 |    40 |     7 ||    52
         Sting             |       |       |    29 |     4 ||    33
         Flame Wave        |       |       |     2 |     1 ||     3
         Mercury Vapours   |       |       |     1 |     2 ||     3
         Ignite Poison     |       |       |       |     1 ||     1
Ability: Breathe Noxious F |       |       |     8 |     1 ||     9
  Evoke: Wand              |       |       |     5 |     5 ||    10
    Use: Scroll            |       |     7 |    16 |     2 ||    25
         Potion            |       |       |     3 |       ||     3
   Stab: Confused          |       |       |     2 |       ||     2
 Armour: Skin              |    22 |     2 |    77 |    28 ||   129
  Dodge: Dodged            |    17 |     5 |    77 |    29 ||   128
